 Dungeon Crawl Stone Soup version 0.29-a0-344-ge2f44be95a (webtiles) character file.

Game seed: 5364433012319777095

23 ImHallYall the Ducker (level 3, -2/30 HPs)
             Began as a Ghoul Gladiator on Apr 13, 2022.
             Was a Follower of Nemelex Xobeh.
             Slain by an iguana (11 damage)
             ... on level 2 of the Dungeon on Apr 21, 2022.
             The game lasted 00:03:48 (1616 turns).

ImHallYall the Ducker (Ghoul Gladiator)             Turns: 1616, Time: 00:03:49

Health: -2/30      AC:  4    Str: 19    XL:     3   Next: 0%
Magic:  0/0        EV: 12    Int:  3    God:    Nemelex Xobeh [*.....]
Gold:   121        SH:  0    Dex: 10    Spells: 2/2 levels left

rFire   . . .      SeeInvis .   g - +2 dagger (antimagic)
rCold   + . .      Faith    .   (no shield)
rNeg    + + +      Spirit   .   b - +0 leather armour
rPois   ∞          Reflect  .   c - +0 helmet
rElec   .          Harm     .   (no cloak)
rCorr   .          Rampage  .   (no gloves)
Will    .....                   (no boots)
Stlth   +.........              (no amulet)
HPRegen 0.00/turn               (no ring)
MPRegen 0.07/turn               (no ring)

@: inhibited regen
A: claws 1, cold resistance 1, negative energy resistance 3, inhibited
regeneration, torment resistance 2, devour on kill
a: Renounce Religion, Draw Escape, Draw Destruction, Draw Summoning


You were on level 2 of the Dungeon.
You worshipped Nemelex Xobeh.
Nemelex Xobeh was aware of your devotion.
You visited 1 branch of the dungeon, and saw 2 of its levels.

You collected 121 gold pieces.

Inventory:

Hand Weapons
 a - a +0 rapier
 g - a +2 antimagic dagger (weapon)
Missiles
 d - 3 throwing nets (quivered)
 e - a javelin
Armour
 b - a +0 leather armour (worn)
 c - a +0 helmet (worn)
 j - a +0 barding
Scrolls
 f - a scroll of amnesia {unknown}
 h - a scroll of teleportation {unknown}
 i - 2 scrolls of enchant armour {unknown}


   Skills:
 + Level 2.5 Fighting
 + Level 3.0 Short Blades
 + Level 1.8 Throwing
 + Level 0.6 Armour
 + Level 3.1 Dodging


You had 2 spell levels left.
You didn't know any spells.
Your spell library was empty.

Dungeon Overview and Level Annotations

Branches:
Dungeon (2/15)

Altars:
Nemelex Xobeh
Wu Jian


Innate Abilities, Weirdness & Mutations

You are immune to poison.
You have sharp fingernails.
Your flesh is cold resistant. (rC+)
You are immune to negative energy. (rN+++)
You do not regenerate when monsters are visible.
You are immune to unholy pain and torment.
You thrive by killing the living.


Message History

HP restored.
An iguana comes into view.
The iguana hisses angrily.
You see here 13 gold pieces.
A rat comes into view.
Found 10 gold pieces.
Found an ornate altar of the Wu Jian Council.
The iguana barely misses you.
You hit the iguana but do no damage. The iguana misses you.
You barely miss the iguana. The iguana misses you. The rat closely misses you.
You hit the iguana but do no damage. The iguana bites you.
The rat bites you but does no damage.
You barely miss the iguana. The iguana bites you!
The rat bites you but does no damage.
You closely miss the iguana. The iguana bites you.
* * * LOW HITPOINT WARNING * * *
The rat closely misses you.
You draw a card...
You have drawn the Storm.
A mighty gale blasts forth from the card!
The iguana is blown away by the wind.
The electrical discharge engulfs the rat!!!
You kill the rat!
You hear violent peals of thunder!
You hear a shout! x2; You hear a bark! x2; You hear an angry hiss. x2
You have reached level 3!
Your experience leads to an increase in your attributes!
Increase (S)trength, (I)ntelligence, or (D)exterity?
You feel stronger. x2
You see here 13 gold pieces.
You hit the iguana but do no damage. The iguana misses you.
You barely miss the iguana. The iguana closely misses you.
You closely miss the iguana. You hit the iguana.
The iguana is lightly wounded.
The iguana closely misses you.
You hit the iguana.
The iguana is moderately wounded.
The iguana bites you!
You die...
Your body disappears without a glow.

#.# #.#.# #># #.#.#
#.# #.#.###
#.#####....<#
#..†........#
######......# #......#
##.############......#
........l@$......##.##
..#....########.###.#
#..###. #.# #.# $ ..
... ... #.#. ....
..... ..._. #.# ##
##.... ...


You could see an iguana.

Vanquished Creatures
  A dart slug (D:1)
  A ball python (D:2)
  2 endoplasms (D:1)
  A giant cockroach (D:1)
  A goblin (D:1)
  2 jackals (D:1)
  3 quokkas (D:1)
  A bat (D:1)
  A frilled lizard (D:1)
  3 kobolds (D:1)
  4 rats
20 creatures vanquished.

Vanquished Creatures (others)
  A fungus (D:1)
  A plant (D:1)
2 creatures vanquished.

Grand Total: 22 creatures vanquished

Notes
Turn   | Place    | Note
-------+----------+-------------------------------------------
     0 | D:1      | ImHallYall the Ghoul Gladiator began the quest for the Orb.
     0 | D:1      | Reached XP level 1. HP: 17/17 MP: 0/0
   133 | D:1      | Found a faded altar of an unknown god.
   159 | D:1      | Prayed at the altar of an unknown god.
   159 | D:1      | Became a worshipper of Nemelex Xobeh the Trickster
   159 | D:1      | Reached * piety under Nemelex Xobeh
   159 | D:1      | Received a gift from Nemelex Xobeh
   429 | D:1      | Reached XP level 2. HP: 24/24 MP: 0/1
   500 | D:1      | Upgraded the game from 0.29-a0-334-gb41bcbb86e to
                  | 0.29-a0-340-g6efceafd81
   868 | D:1      | Upgraded the game from 0.29-a0-340-g6efceafd81 to
                  | 0.29-a0-344-ge2f44be95a
  1599 | D:2      | Found an ornate altar of the Wu Jian Council.
  1606 | D:2      | Reached XP level 3. HP: 9/30 MP: 0/2
  1616 | D:2      | Slain by an iguana

Illustrated notes

Levels and vault maps discovered:
D:1:      onia_arrival_mini_maze_b, layout_basic,
          shapermc_ecumenical_altar_mp_urbaneastern
D:2:      layout_loops_ring, basic_altar, st_stairs_9,
          minmay_misc_feat_ornament, grunt_ministairs_1, uniq_crazy_yiuf_cottage

Skill      XL: |  1  2 |
---------------+-------+-----
Dodging        | 3 |  3.1
Short Blades   | 3 |  3.0
Fighting       | |  2.5
Throwing       | |  1.8
Armour         | |  0.6

Action                   || total
-------------------------++-------
Melee: Rapier            ||    14
       Dagger            ||    66
       Punch             ||     1
Invok: Draw Escape       ||     1
       Draw Destruction  ||     1
Armor: Leather armour    ||    16
Dodge: Dodged            ||    46

Table legend: (Time is in decaauts)
 A = Elapsed time spent in this place.
 B = Non-inter-level travel time spent in this place.
 C = Inter-level travel time spent in this place.
 D = Time resting spent in this place.
 E = Time spent auto-exploring this place.
 F = Levels seen in this place.
 G = Mean time per level.
                   A        B        C        D        E       F      G
               +--------+--------+--------+--------+--------+-----+--------+
         Total |   1607 |   1519 |     88 |    618 |    550 |   2 |  803.5 |
       Dungeon |   1607 |   1519 |     88 |    618 |    550 |   2 |  803.5 |
               +--------+--------+--------+--------+--------+-----+--------+

Top non-repeatable levels by time:
     D:1: 1553 daAuts
     D:2: 53 daAuts
